[Event "RUS-ch Men Blitz 2019"]
[Site "Sochi"]
[Date "2019.10.17"]
[Round "13.23"]
[White "Goltsev, Dmitry"]
[Black "Gubsky, Egor"]
[Result "1-0"]
[ECO "B49"]
[WhiteElo "2309"]
[BlackElo "2339"]
[Annotator "NA"]
[PlyCount "71"]
[EventDate "2019.10.17"]
[EventType "swiss"]
[EventCountry "RUS"]
[SourceTitle "playchess.com"]
[Source "ChessBase"]
[SourceQuality "1"]
[TimeControl "180+2"]

1. e4 c5 2. Nf3 Nc6 3. d4 cxd4 4. Nxd4 e6 5. Nc3 Qc7 6. Be2 a6 7. Be3 Nf6 8. O-O b5 9. a3 Bb7 10. f3 Be7 11. Qd2 Rd8 12. Rfd1 O-O 13. Bf1 d5 14. exd5 Nxd5 15. Nxd5 Rxd5 16. Qf2 Rfd8 17. c3 e5 18. Nxb5 axb5 19. Bb6 Qxb6 20. Qxb6 Bc5+ 21. Qxc5 Rxc5 22. Rxd8+ Nxd8 23. Rd1 Ne6 24. Rd7 Rc7 25. Bxb5 Rxd7 26. Bxd7 Nc5 27. Bb5 f5 28. b4 Ba6 29. a4 Bxb5 30. axb5 Nb7 31. c4 Nd6 32. b6 Nb7 33. c5 Nd8 34. b5 Kf7 35. c6 Ke7 36. b7 1-0

[Event "RUS-ch Men Blitz 2019"]
[Site "Sochi"]
[Date "2019.10.17"]
[Round "13.24"]
[White "Rozum, Ivan"]
[Black "Zakaryan, David"]
[Result "0-1"]
[ECO "A05"]
[WhiteElo "2599"]
[BlackElo "2338"]
[Annotator "ChessBase"]
[PlyCount "68"]
[EventDate "2019.10.17"]
[EventType "swiss"]
[EventCountry "RUS"]
[SourceTitle "playchess.com"]
[Source "ChessBase"]
[SourceQuality "1"]
[TimeControl "180+2"]

1. Nf3 Nf6 2. g3 g6 3. b3 Bg7 4. Bb2 O-O 5. Bg2 c5 6. c4 d5 7. cxd5 Nxd5 8. Bxg7 Kxg7 9. d4 Qa5+ 10. Qd2 Qxd2+ 11. Nbxd2 Na6 12. O-O Rd8 13. Rfc1 cxd4 14. Nxd4 e5 15. Nb5 Be6 16. Nc4 f6 17. Na5 Rd7 18. Rd1 Rad8 19. Nxa7 Nc3 20. Rxd7+ Rxd7 21. e3 b6 22. N5c6 Rd2 23. Bf1 Nc5 24. Nb4 N5e4 25. f4 Nd1 26. fxe5 fxe5 27. Bg2 Ng5 28. Nc2 Bh3 29. Bxh3 Nxh3+ 30. Kf1 Nc3 31. Nb4 Rxh2 32. Ke1 Rh1+ 33. Kd2 Ne4+ 34. Kd3 Nhf2+ {[%emt 0:00:01] Kd4} 0-1

[Event "RUS-ch Men Blitz 2019"]
[Site "Sochi"]
[Date "2019.10.17"]
[Round "13.25"]
[White "Belozerov, Andrei"]
[Black "Musalov, Ruslan"]
[Result "1-0"]
[ECO "C67"]
[WhiteElo "2515"]
[BlackElo "2348"]
[Annotator "ChessBase"]
[PlyCount "83"]
[EventDate "2019.10.17"]
[EventType "swiss"]
[EventCountry "RUS"]
[SourceTitle "playchess.com"]
[Source "ChessBase"]
[SourceQuality "1"]
[TimeControl "180+2"]

1. e4 e5 2. Nf3 Nc6 3. Bb5 Nf6 4. O-O Nxe4 5. d4 Nd6 6. Bg5 Be7 7. Bxe7 Qxe7 8. Bxc6 dxc6 9. dxe5 Nf5 10. Qd3 Be6 11. Nc3 O-O 12. Qe4 Rad8 13. Rad1 Qc5 14. a3 h6 15. Qb4 Qxb4 16. axb4 Ne7 17. Nd4 Nd5 18. Ne4 Nxb4 19. Nxe6 fxe6 20. Nc5 Nxc2 21. Nxb7 Rxd1 22. Rxd1 Rb8 23. Nc5 Kf7 24. Rd7+ Ke8 25. Rxc7 Rb5 26. Rxc6 Nd4 27. Rc8+ Ke7 28. f4 Rxb2 29. Rc7+ Ke8 30. Rxa7 Ne2+ 31. Kf2 Nxf4+ 32. Kf3 Nxg2 33. Rxg7 Nh4+ 34. Ke4 Nf5 35. Rg6 Rb4+ 36. Kd3 Kf7 37. Rf6+ Kg7 38. Nxe6+ Kg8 39. Rxf5 Rh4 40. Rf2 Kh7 41. Nf4 Rg4 42. Ke4 1-0

[Event "RUS-ch Men Blitz 2019"]
[Site "Sochi"]
[Date "2019.10.17"]
[Round "13.26"]
[White "Gogolev, Artem"]
[Black "Bryakin, Mikhail"]
[Result "1-0"]
[ECO "A40"]
[WhiteElo "2339"]
[BlackElo "2440"]
[Annotator "NA"]
[PlyCount "71"]
[EventDate "2019.10.17"]
[EventType "swiss"]
[EventCountry "RUS"]
[SourceTitle "playchess.com"]
[Source "ChessBase"]
[SourceQuality "1"]
[TimeControl "180+2"]

1. d4 g6 2. c4 Bg7 3. Nf3 d6 4. g3 e6 5. Bg2 Ne7 6. O-O h6 7. Nc3 b6 8. Ne1 c6 9. e4 Bb7 10. Be3 Nd7 11. Nd3 a6 12. d5 Nc5 13. Nxc5 bxc5 14. dxe6 fxe6 15. Qd2 Qc7 16. Rad1 Rd8 17. Bh3 Bc8 18. a3 e5 19. Bxc8 Qxc8 20. b4 cxb4 21. axb4 Qe6 22. Qd3 O-O 23. Ra1 Qh3 24. Rxa6 g5 25. b5 cxb5 26. Rxd6 bxc4 27. Qxc4+ Kh7 28. Rxd8 Rxd8 29. Rd1 Rc8 30. Qf7 Rc7 31. Nb5 Rd7 32. Rxd7 Qxd7 33. Nc3 Qd6 34. Nd5 Ng8 35. Kg2 Qc6 36. Qxg8+ 1-0

[Event "RUS-ch Men Blitz 2019"]
[Site "Sochi"]
[Date "2019.10.17"]
[Round "13.27"]
[White "Sadovsky, Artem"]
[Black "Shcherbin, Matvei"]
[Result "1/2-1/2"]
[ECO "A14"]
[WhiteElo "2411"]
[BlackElo "2366"]
[Annotator "NA"]
[PlyCount "98"]
[EventDate "2019.10.17"]
[EventType "swiss"]
[EventCountry "RUS"]
[SourceTitle "playchess.com"]
[Source "ChessBase"]
[SourceQuality "1"]
[TimeControl "180+2"]

1. c4 Nf6 2. g3 e6 3. Bg2 d5 4. Nf3 Be7 5. O-O O-O 6. b3 b6 7. Bb2 Bb7 8. d3 Nbd7 9. Nbd2 c5 10. Qc2 Qc7 11. Rad1 Rfd8 12. e4 dxe4 13. Nxe4 Nxe4 14. dxe4 Bf6 15. Rfe1 Ne5 16. Nxe5 Bxe5 17. f4 Bxb2 18. Qxb2 Rxd1 19. Rxd1 Rd8 20. Rd2 Rd7 21. Kf2 Qd8 22. Rxd7 Qxd7 23. Ke2 Kf8 24. Qe5 Qd8 25. Bf3 h6 26. h4 Bc6 27. Bh5 Be8 28. Bg4 Bc6 29. a4 Be8 30. a5 Bc6 31. a6 Kg8 32. f5 exf5 33. Bxf5 Kf8 34. Bg4 Qe8 35. Qd6+ Kg8 36. e5 Be4 37. Ke3 Bg2 38. Bf3 Bxf3 39. Kxf3 Qa8+ 40. Qd5 Qc8 41. e6 Qxe6 42. Qa8+ Kh7 43. Qxa7 Qf5+ 44. Ke3 Qe5+ 45. Kd2 Qd4+ 46. Kc2 Qf2+ 47. Kb1 Qe1+ 48. Kb2 Qd2+ 49. Ka3 Qa5+ 1/2-1/2

[Event "RUS-ch Men Blitz 2019"]
[Site "Sochi"]
[Date "2019.10.17"]
[Round "13.28"]
[White "Ulybin, Mikhail"]
[Black "Dashko, Andrey"]
[Result "0-1"]
[ECO "B38"]
[WhiteElo "2455"]
[BlackElo "2219"]
[Annotator "ChessBase"]
[PlyCount "80"]
[EventDate "2019.10.17"]
[EventType "swiss"]
[EventCountry "RUS"]
[SourceTitle "playchess.com"]
[Source "ChessBase"]
[SourceQuality "1"]
[TimeControl "180+2"]

1. e4 c5 2. Nf3 g6 3. c4 Nc6 4. d4 cxd4 5. Nxd4 Bg7 6. Be3 d6 7. Nc3 Nf6 8. Be2 O-O 9. O-O Bd7 10. Qd2 Nxd4 11. Bxd4 Bc6 12. f3 a5 13. b3 Nd7 14. Be3 Nc5 15. Rab1 Qb6 16. Rfc1 Qb4 17. Rc2 Rfc8 18. Qc1 Qb6 19. a3 Qd8 20. b4 axb4 21. axb4 Ne6 22. Qd2 Nc7 23. Kh1 Qe8 24. b5 Bd7 25. Bg5 Ra3 26. b6 Ne6 27. Be3 Bc6 28. Nb5 Bxb5 29. Rxb5 Rca8 30. h3 Qc6 31. Kh2 Be5+ 32. g3 h5 33. h4 Bf6 34. Bf2 Nc5 35. Rb1 Nb3 36. Qd1 Ra1 37. Rxa1 Rxa1 38. Qd3 Nc5 39. Qe3 Qxb6 40. Kg2 Qb1 0-1

[Event "RUS-ch Men Blitz 2019"]
[Site "Sochi"]
[Date "2019.10.17"]
[Round "13.29"]
[White "Frolov, Aleksey G."]
[Black "Kovalchuk, Alexey"]
[Result "1-0"]
[ECO "C84"]
[WhiteElo "2093"]
[BlackElo "2388"]
[Annotator "NA"]
[PlyCount "75"]
[EventDate "2019.10.17"]
[EventType "swiss"]
[EventCountry "RUS"]
[SourceTitle "playchess.com"]
[Source "ChessBase"]
[SourceQuality "1"]
[TimeControl "180+2"]

1. e4 e5 2. Nf3 Nc6 3. Bb5 a6 4. Ba4 Nf6 5. O-O Be7 6. d3 b5 7. Bb3 d6 8. a4 Bd7 9. Nc3 Na5 10. Ba2 b4 11. Ne2 c5 12. Bd2 Nc6 13. Ng3 O-O 14. h3 Qc8 15. Nh4 Be6 16. Nhf5 Bxa2 17. Rxa2 Qe6 18. Ra1 Rfe8 19. Qf3 Bf8 20. c3 bxc3 21. bxc3 Rab8 22. Rfb1 g6 23. Nh6+ Kh8 24. Bg5 Bg7 25. Kh2 Ne7 26. Nf1 Neg8 27. Nxg8 Nxg8 28. Ne3 f6 29. Bh4 Ne7 30. a5 Kg8 31. Rb6 Rxb6 32. axb6 Ra8 33. Nd5 Nxd5 34. exd5 Qe7 35. Qg4 Kf7 36. Rb1 h5 37. b7 Rb8 38. Qc8 1-0

[Event "RUS-ch Men Blitz 2019"]
[Site "Sochi"]
[Date "2019.10.17"]
[Round "13.30"]
[White "Belyakov, Bogdan"]
[Black "Skvortsov, Andrei"]
[Result "1-0"]
[ECO "B22"]
[WhiteElo "2495"]
[BlackElo "2139"]
[Annotator "ChessBase"]
[PlyCount "116"]
[EventDate "2019.10.17"]
[EventType "swiss"]
[EventCountry "RUS"]
[SourceTitle "playchess.com"]
[Source "ChessBase"]
[SourceQuality "1"]
[TimeControl "180+2"]

1. e4 c5 2. c3 Nf6 3. e5 Nd5 4. Bc4 Nb6 5. Bb3 d5 6. exd6 exd6 7. Nf3 d5 8. d4 cxd4 9. Nxd4 Be7 10. O-O O-O 11. Bc2 Bf6 12. Bf4 Nc6 13. Nb5 Ne5 14. Bxe5 Bxe5 15. Bxh7+ Kxh7 16. Qh5+ Kg8 17. Qxe5 Re8 18. Qg3 Re2 19. Nc7 Rb8 20. Ne8 Qxe8 21. Qxb8 Rxb2 22. Na3 Qa4 23. Rae1 Qxa3 24. Re8+ Kh7 25. Qe5 Bg4 26. h3 f6 27. Qg3 Bd7 28. Qd3+ f5 29. Re5 Qd6 30. Rfe1 Qc5 31. Qg3 Qd6 32. Qf3 Rxa2 33. Re7 Qg6 34. Qf4 Qh6 35. Qf3 Ra4 36. Rxd7 Rf4 37. Rxg7+ Kxg7 38. Re7+ Kf8 39. Qe3 Qd6 40. Re8+ Kf7 41. Re5 Nc4 42. Qxf4 Qxe5 43. Qh6 Qxc3 44. Qh7+ Ke6 45. Qg6+ Qf6 46. Qe8+ Kd6 47. Qb8+ Kc6 48. Qxa7 Qe5 49. Qa4+ b5 50. Qa6+ Nb6 51. Qa3 Qe1+ 52. Kh2 Qxf2 53. Qc3+ Qc5 54. Qg7 b4 55. h4 Qd6+ 56. Kh3 d4 57. h5 d3 58. Qg3 Qxg3+ 1-0

[Event "RUS-ch Men Blitz 2019"]
[Site "Sochi"]
[Date "2019.10.17"]
[Round "14.2"]
[White "Shimanov, Aleksandr"]
[Black "Popov, Valerij"]
[Result "1-0"]
[ECO "C24"]
[WhiteElo "2587"]
[BlackElo "2535"]
[Annotator "ChessBase"]
[PlyCount "118"]
[EventDate "2019.10.17"]
[EventType "swiss"]
[EventCountry "RUS"]
[SourceTitle "playchess.com"]
[Source "ChessBase"]
[SourceQuality "1"]
[TimeControl "180+2"]

1. e4 e5 2. Bc4 Nf6 3. d3 c6 4. Nf3 d5 5. Bb3 Bd6 6. Nc3 d4 7. Ne2 c5 8. O-O O-O 9. Bg5 h6 10. Bd2 Nc6 11. Ng3 a6 12. Nh4 Ne7 13. Qc1 Kh7 14. f4 exf4 15. Bxf4 Ng4 16. Bd2 Ng6 17. Nf3 Qc7 18. Qe1 Be6 19. Bxe6 fxe6 20. e5 N4xe5 21. Nxe5 Bxe5 22. Rxf8 Rxf8 23. Nf1 Qc6 24. Qe2 Bb8 25. Re1 Rf6 26. Qe4 Qxe4 27. Rxe4 b6 28. a4 a5 29. Be1 Ne7 30. Nd2 Nd5 31. Nc4 Kg8 32. g3 Kf7 33. Bd2 Bc7 34. Kg2 Ke7 35. Re2 Kd7 36. Re4 Kc6 37. Re2 Kd7 38. Re4 Rf5 39. Rg4 g5 40. h4 Nf6 41. Kh3 Nxg4 42. Kxg4 gxh4 43. Bf4 Bxf4 44. gxf4 h3 45. Kxh3 Rxf4 46. Nxb6+ Ke7 47. Nc4 Rf2 48. Na3 Kf6 49. Kg3 Rd2 50. Kg4 Kg6 51. Nc4 Rxc2 52. b3 h5+ 53. Kh4 Rc3 54. Nxa5 Rxd3 55. Nb7 Rxb3 56. Nxc5 Ra3 57. Nxe6 d3 58. Nf4+ Kf5 59. Nd5 d2 1-0

[Event "RUS-ch Men Blitz 2019"]
[Site "Sochi"]
[Date "2019.10.17"]
[Round "14.4"]
[White "Savitskiy, Sergey"]
[Black "Drygalov, Andrey"]
[Result "1-0"]
[ECO "B43"]
[WhiteElo "2407"]
[BlackElo "2484"]
[Annotator "RC"]
[PlyCount "87"]
[EventDate "2019.10.17"]
[EventType "swiss"]
[EventCountry "RUS"]
[SourceTitle "playchess.com"]
[Source "ChessBase"]
[SourceQuality "1"]
[TimeControl "180+2"]

1. e4 c5 2. Nf3 e6 3. d4 cxd4 4. Nxd4 a6 5. Nc3 Qc7 6. g3 Bb4 7. Bd2 Nf6 8. Bg2 Nc6 9. Nxc6 dxc6 10. O-O Be7 11. e5 Qxe5 12. Re1 Qc7 13. Bf4 Qd8 14. Qf3 O-O 15. Rad1 Nd5 16. Ne4 Qb6 17. Bc1 f5 18. Ng5 Bxg5 19. Bxg5 Qxb2 20. c4 Nf6 21. Bf4 Ne4 22. Bc1 Qxa2 23. Qf4 g5 24. Qe3 h6 25. h4 Qxc4 26. Rd4 Qc3 27. Rxe4 Qxe3 28. R4xe3 Kg7 29. Rd3 Kg6 30. hxg5 hxg5 31. Rd6 a5 32. Ba3 Re8 33. f4 a4 34. Bf1 Ra5 35. Bc4 gxf4 36. gxf4 Kf7 37. Bb4 Ra8 38. Ba3 Ra5 39. Kf2 b5 40. Ba2 Ra7 41. Rh1 Kg6 42. Rd3 e5 43. Rg3+ Kf6 44. Rh6# 1-0

[Event "RUS-ch Men Blitz 2019"]
[Site "Sochi"]
[Date "2019.10.17"]
[Round "14.5"]
[White "Lysyj, Igor"]
[Black "Savchenko, Boris"]
[Result "1/2-1/2"]
[ECO "D85"]
[WhiteElo "2596"]
[BlackElo "2581"]
[Annotator "ChessBase"]
[PlyCount "138"]
[EventDate "2019.10.17"]
[EventType "swiss"]
[EventCountry "RUS"]
[SourceTitle "playchess.com"]
[Source "ChessBase"]
[SourceQuality "1"]
[TimeControl "180+2"]

1. d4 Nf6 2. c4 g6 3. Nc3 d5 4. cxd5 Nxd5 5. e4 Nxc3 6. bxc3 Bg7 7. Bg5 c5 8. Rc1 Qa5 9. Qd2 h6 10. Be3 cxd4 11. cxd4 Nc6 12. Qxa5 Nxa5 13. Nf3 b6 14. Bb5+ Bd7 15. Ba6 O-O 16. O-O Bc8 17. Bd3 Rd8 18. Rc7 Bg4 19. d5 e6 20. Rfc1 exd5 21. exd5 Rac8 22. Rxc8 Rxc8 23. Rxc8+ Bxc8 24. Nd4 Kf8 25. Nb5 Ba6 26. Bf4 Ke7 27. Kf1 Nb7 28. Be2 Bxb5 29. Bxb5 Nd6 30. Bd3 h5 31. Ke2 Bd4 32. a4 Nb7 33. Bb8 a5 34. Bf4 Bc5 35. f3 Bd6 36. Bg5+ Ke8 37. Bb5+ Kf8 38. g3 Be7 39. Be3 Bc5 40. Bg5 Be7 41. Bh6+ Kg8 42. Be3 Bc5 43. Bg5 Kf8 44. g4 Nd6 45. Bc6 hxg4 46. fxg4 Ne4 47. Bc1 Be7 48. h3 f6 49. Bh6+ Kf7 50. Bc1 g5 51. Kf3 Nc5 52. Be3 Bd6 53. Bd4 Ke7 54. Bf2 Be5 55. h4 gxh4 56. Bxh4 Kd6 57. Bf2 Kc7 58. Be3 Kd6 59. Bf2 Kc7 60. Be3 Kd6 61. Ke2 Kc7 62. g5 fxg5 63. Bxg5 Kd6 64. Bd8 Nxa4 65. Bxa4 Kxd5 66. Bxb6 Ke6 67. Bxa5 Kf6 68. Kd3 Kg7 69. Ke4 Ba1 1/2-1/2

[Event "RUS-ch Men Blitz 2019"]
[Site "Sochi"]
[Date "2019.10.17"]
[Round "14.8"]
[White "Triapishko, Alexandr"]
[Black "Timofeev, Artyom"]
[Result "0-1"]
[ECO "A04"]
[WhiteElo "2514"]
[BlackElo "2595"]
[Annotator "ChessBase"]
[PlyCount "128"]
[EventDate "2019.10.17"]
[EventType "swiss"]
[EventCountry "RUS"]
[SourceTitle "playchess.com"]
[Source "ChessBase"]
[SourceQuality "1"]
[TimeControl "180+2"]

1. Nf3 d6 2. d4 Nf6 3. g3 c5 4. Bg2 Nbd7 5. O-O g6 6. b3 Bg7 7. Bb2 O-O 8. c4 a6 9. Nc3 Rb8 10. a4 cxd4 11. Nxd4 Ne5 12. a5 Bd7 13. Nd5 Re8 14. Nb6 Nc6 15. Qd2 Nxd4 16. Bxd4 Bc6 17. Rfd1 Bxg2 18. Kxg2 Qc7 19. Qd3 Nd7 20. Nd5 Qc6 21. Bxg7 Kxg7 22. Qf3 Ne5 23. Qe4 f5 24. Qh4 e6 25. Qf6+ Kg8 26. e4 exd5 27. Rxd5 Ng4 28. Qc3 fxe4 29. Re1 Re5 30. Qd4 Rxd5 31. cxd5 Qc2 32. Rxe4 Ne5 33. Qe3 Rf8 34. Rf4 Qd3 35. Rxf8+ Kxf8 36. Qf4+ Kg7 37. Qg5 Qxd5+ 38. Kf1 Qh1+ 39. Ke2 Qf3+ 40. Kf1 Qf6 41. Qd2 Nc6 42. Qd5 Qe5 43. Qf3 Qxa5 44. Qg4 Qf5 45. Qh4 Qf6 46. Qg4 Ne5 47. Qc8 Qe7 48. Qc3 Kg8 49. f4 Nf7 50. Kf2 Qd7 51. Qd4 Qe6 52. b4 b5 53. Qb6 Qc4 54. Qxa6 Qc2+ 55. Kg1 Qd1+ 56. Kg2 Qe2+ 57. Kg1 Qe3+ 58. Kg2 Qd2+ 59. Kg1 Qd3 60. Qc8+ Kg7 61. Qd7 d5 62. Qe7 d4 63. Qd7 Qe3+ 64. Kg2 d3 0-1

[Event "RUS-ch Men Blitz 2019"]
[Site "Sochi"]
[Date "2019.10.17"]
[Round "14.9"]
[White "Kokarev, Dmitry"]
[Black "Mikhailovsky, Vladimir"]
[Result "1-0"]
[ECO "B05"]
[WhiteElo "2593"]
[BlackElo "2209"]
[Annotator "RC"]
[PlyCount "156"]
[EventDate "2019.10.17"]
[EventType "swiss"]
[EventCountry "RUS"]
[SourceTitle "playchess.com"]
[Source "ChessBase"]
[SourceQuality "1"]
[TimeControl "180+2"]

1. e4 Nf6 2. e5 Nd5 3. d4 d6 4. Nf3 Bg4 5. Be2 e6 6. c4 Nb6 7. O-O Be7 8. h3 Bh5 9. Nc3 O-O 10. Be3 Nc6 11. exd6 cxd6 12. d5 exd5 13. Nxd5 Nxd5 14. Qxd5 Bg6 15. Rad1 Bf6 16. b3 Nb4 17. Qd2 Qa5 18. Nd4 Qxa2 19. Qxb4 Bxd4 20. Rd2 Bc5 21. Rxa2 Bxb4 22. Bf3 a5 23. Bxb7 Rab8 24. Bd5 Bc3 25. Rc1 Bb4 26. Ba7 Rbe8 27. Bb6 Rb8 28. Bxa5 Bxa5 29. Rxa5 h6 30. Rc3 Rfe8 31. Rb5 Re1+ 32. Kh2 Rbe8 33. Rb7 R8e2 34. Rf3 Re7 35. Rxe7 Rxe7 36. b4 Re8 37. b5 Rb8 38. Ra3 Kf8 39. Ra7 Ke8 40. Kg3 Kf8 41. Kf4 f6 42. Ke3 Be8 43. Kd4 g5 44. Ra6 Ke7 45. Ra7+ Kd8 46. Rh7 h5 47. Bc6 Bxc6 48. bxc6 Rb1 49. c7+ Kc8 50. Kd5 Rb6 51. Rf7 Kb7 52. Rxf6 Kxc7 53. Rf7+ Kd8 54. Rf5 Rb2 55. Kxd6 Rd2+ 56. Ke6 Kc7 57. Kf6 g4 58. hxg4 hxg4 59. g3 Kd6 60. Kg5 Ke6 61. Rf4 Ke5 62. Kxg4 Rd8 63. Rf5+ Ke4 64. Rf4+ Ke5 65. Kf3 Rd3+ 66. Kg2 Rc3 67. Rh4 Kf5 68. Rh5+ Kg4 69. Rh8 Kg5 70. Rc8 Kg4 71. c5 Kf5 72. c6 Ke6 73. f4 Rc1 74. f5+ Kd6 75. g4 Rc3 76. Kf2 Ra3 77. f6 Ke6 78. c7 Kd5 1-0

[Event "RUS-ch Men Blitz 2019"]
[Site "Sochi"]
[Date "2019.10.17"]
[Round "14.13"]
[White "Volovich, Vasily"]
[Black "Nozdrachev, Vladislav"]
[Result "0-1"]
[ECO "C46"]
[WhiteElo "2120"]
[BlackElo "2494"]
[Annotator "RC"]
[PlyCount "80"]
[EventDate "2019.10.17"]
[EventType "swiss"]
[EventCountry "RUS"]
[SourceTitle "playchess.com"]
[Source "ChessBase"]
[SourceQuality "1"]
[TimeControl "180+2"]

1. e4 e5 2. Nf3 Nc6 3. Nc3 Bc5 4. Bb5 Nd4 5. Bc4 d6 6. Nxd4 exd4 7. Qf3 Nf6 8. Nd5 Nxd5 9. Bxd5 O-O 10. O-O c6 11. Bb3 a5 12. a4 Kh8 13. d3 f5 14. exf5 Bxf5 15. Qg3 d5 16. Bf4 Qf6 17. Be5 Qf7 18. Rae1 Rae8 19. Qh4 Bb4 20. Re2 c5 21. f4 c4 22. dxc4 d3 23. cxd3 Bxd3 24. Qg4 dxc4 25. Bc2 Bxc2 26. Bxg7+ Qxg7 27. Qxg7+ Kxg7 28. Rxc2 Bc5+ 29. Kh1 Rxf4 30. Rfc1 Ree4 31. g3 Rf2 32. Rxc4 Rxc4 33. Rxc4 b6 34. Rg4+ Kf6 35. Rh4 Kg7 36. Rg4+ Kh8 37. h4 Rxb2 38. h5 Rb4 39. Rg5 Rxa4 40. h6 Bf8 0-1

[Event "RUS-ch Men Blitz 2019"]
[Site "Sochi"]
[Date "2019.10.17"]
[Round "14.14"]
[White "Zakaryan, David"]
[Black "Bocharov, Dmitry"]
[Result "0-1"]
[ECO "B06"]
[WhiteElo "2338"]
[BlackElo "2519"]
[Annotator "ChessBase"]
[PlyCount "89"]
[EventDate "2019.10.17"]
[EventType "swiss"]
[EventCountry "RUS"]
[SourceTitle "playchess.com"]
[Source "ChessBase"]
[SourceQuality "1"]
[TimeControl "180+2"]

1. e4 g6 2. d4 Bg7 3. Nc3 d6 4. Bg5 a6 5. f4 b5 6. Nf3 Bb7 7. Bd3 Nd7 8. e5 c5 9. Be4 Qc8 10. exd6 cxd4 11. Nd5 exd6 12. Qe2 Kf8 13. Ne7 Nxe7 14. Bxe7+ Kg8 15. Bxd6 Bxe4 16. Qxe4 d3 17. cxd3 Bxb2 18. Rb1 Nf6 19. Qe2 Bc3+ 20. Kf2 Qc6 21. Be5 Ng4+ 22. Kg3 Nxe5 23. fxe5 Qd5 24. d4 Kg7 25. Rhd1 Rhc8 26. Qe3 b4 27. Qf4 Rc6 28. a3 a5 29. axb4 axb4 30. Rd3 Ra2 31. Rf1 Re2 32. Re3 Rxe3 33. Qxe3 b3 34. Rb1 b2 35. Qf4 h6 36. Qe3 Rc4 37. h3 Rc6 38. Kh2 g5 39. Qd3 Qc4 40. Qe4 Ra6 41. h4 Qc6 42. Qe2 Qg6 43. Qf1 Ra1 44. Nd2 Bxd2 45. Rxa1 0-1

[Event "RUS-ch Men Blitz 2019"]
[Site "Sochi"]
[Date "2019.10.17"]
[Round "14.15"]
[White "Gurvich, Vitaly"]
[Black "Khegay, Dmitriy"]
[Result "1/2-1/2"]
[ECO "B07"]
[WhiteElo "2278"]
[BlackElo "2509"]
[Annotator "ChessBase"]
[PlyCount "121"]
[EventDate "2019.10.17"]
[EventType "swiss"]
[EventCountry "RUS"]
[SourceTitle "playchess.com"]
[Source "ChessBase"]
[SourceQuality "1"]
[TimeControl "180+2"]

1. e4 d6 2. d4 Nf6 3. Nc3 c6 4. a4 Nbd7 5. g3 e5 6. Nge2 Be7 7. Bg2 O-O 8. O-O b6 9. f4 a6 10. h3 Bb7 11. g4 b5 12. axb5 cxb5 13. fxe5 dxe5 14. d5 Bc5+ 15. Kh1 Nxg4 16. Qe1 Ne3 17. Bxe3 Bxe3 18. Ng3 Bf4 19. Nce2 Bg5 20. Nf5 g6 21. Nd6 Nc5 22. Nxb7 Nxb7 23. Qg3 Bf6 24. c3 Bg7 25. b3 Nd6 26. Rac1 Rc8 27. Qd3 Rc5 28. Ra1 a5 29. Rxa5 Qxa5 30. b4 Qc7 31. bxc5 Qxc5 32. Ra1 h5 33. Ra6 Rc8 34. Ra1 Nc4 35. Rf1 Ne3 36. Rf3 Nxg2 37. Kxg2 Qc4 38. Qxc4 Rxc4 39. Rd3 Kf8 40. d6 Ke8 41. Kf3 Bh6 42. Rd5 Kd7 43. Rxe5 Kxd6 44. Rxb5 Bg7 45. Rb7 Ke6 46. Nf4+ Kf6 47. Nd5+ Kg5 48. Rxf7 Bxc3 49. Rc7 Rxc7 50. Nxc7 Be5 51. Nd5 Kh4 52. Kg2 Bd6 53. Ne3 Kg5 54. Kf3 Bc5 55. Nd5 Bd6 56. Ne3 Kh4 57. Kg2 Be5 58. Nc4 Bc7 59. Ne3 Kg5 60. Kf3 Kh4 61. Kg2 1/2-1/2

[Event "RUS-ch Men Blitz 2019"]
[Site "Sochi"]
[Date "2019.10.17"]
[Round "14.16"]
[White "Tekeyev, Zaur"]
[Black "Goltsev, Dmitry"]
[Result "0-1"]
[ECO "B41"]
[WhiteElo "2384"]
[BlackElo "2309"]
[Annotator "NA"]
[PlyCount "96"]
[EventDate "2019.10.17"]
[EventType "swiss"]
[EventCountry "RUS"]
[SourceTitle "playchess.com"]
[Source "ChessBase"]
[SourceQuality "1"]
[TimeControl "180+2"]

1. e4 c5 2. Nf3 e6 3. d4 cxd4 4. Nxd4 a6 5. c4 Qc7 6. Nc3 Nf6 7. Be2 Nc6 8. O-O Bb4 9. Bg5 Bxc3 10. Bxf6 gxf6 11. bxc3 Ne5 12. Qd2 Ke7 13. f4 Nxc4 14. Bxc4 Qxc4 15. e5 f5 16. Rad1 b5 17. Nf3 Qc5+ 18. Kh1 Qc7 19. Qf2 Bb7 20. Qh4+ Ke8 21. Qf6 Rf8 22. Ng5 Qxc3 23. Rf2 Rc8 24. Qh6 Qd4 25. Rff1 Qb2 26. Rg1 Rc2 27. Qh3 h5 28. Nh7 Rh8 29. Nf6+ Kd8 30. Rxd7+ Kc8 31. Rxb7 Kxb7 32. Qf3+ Kc7 33. Qe3 Kb7 34. Rd1 Rhc8 35. Qf3+ R2c6 36. h3 Qc3 37. Qxh5 Qc2 38. Rf1 Qd2 39. Qxf7+ R8c7 40. Qh5 Rc2 41. Qf3+ Ka7 42. Rg1 Rg7 43. Nh5 Rh7 44. Nf6 Rg7 45. Kh2 Rc3 46. Qf1 Rg6 47. Kh1 Rh6 48. Kh2 Rcxh3# 0-1

[Event "RUS-ch Men Blitz 2019"]
[Site "Sochi"]
[Date "2019.10.17"]
[Round "14.17"]
[White "Apryshko, Gleb"]
[Black "Belozerov, Andrei"]
[Result "0-1"]
[ECO "A00"]
[WhiteElo "2382"]
[BlackElo "2515"]
[Annotator "ChessBase"]
[PlyCount "64"]
[EventDate "2019.10.17"]
[EventType "swiss"]
[EventCountry "RUS"]
[SourceTitle "playchess.com"]
[Source "ChessBase"]
[SourceQuality "1"]
[TimeControl "180+2"]

1. h4 e5 2. h5 d5 3. e3 Nc6 4. b3 h6 5. Bb2 Nf6 6. Be2 Bf5 7. d3 Bd6 8. Nd2 O-O 9. Ngf3 Re8 10. Nh4 Bh7 11. a3 a5 12. Nf1 Qd7 13. Nh2 Re6 14. Qd2 Rae8 15. c3 d4 16. e4 dxc3 17. Bxc3 Bc5 18. b4 axb4 19. axb4 Bd4 20. b5 Bxc3 21. Qxc3 Nd4 22. Rb1 Rd6 23. N2f3 Nxb5 24. Qc5 Nd4 25. Nxe5 Qe7 26. Nc4 Nxe4 27. dxe4 Qxe4 28. Rb2 Nxe2 29. Nxd6 cxd6 30. Qe3 Ng3 31. Rh3 Qc6 32. Qxe8+ Qxe8+ 0-1